 Dungeon Sprint DCSS version 0.26-a0-1026-g544776af23 (webtiles) character file.

Game seed: 296561795415474584

1906 sahdkjhfkaj the Imperceptible (level 8, -3/55 HPs)
             Began as a Spriggan Brigand on Dec 9, 2020.
             Was a High Priest of Dithmenos.
             Slain by a hell hound (5 damage)
             ... in the Dungeon (Sprint V: "Ziggurat Sprint").
             The game lasted 00:02:52 (483 turns).

sahdkjhfkaj the Imperceptible (Spriggan Brigand)     Turns: 483, Time: 00:02:53

Health: -3/55      AC:  3    Str:  7    XL:     8   Next: 94%
Magic:  9/9        EV: 17    Int: 12    God:    Dithmenos [*****.]
Gold:   0          SH:  0    Dex: 26    Spells: 7/7 levels left

rFire    . . .     SeeInvis +   a - +5 quick blade
rCold    . . .     Faith    .   (shield restricted)
rNeg     . . .     Spirit   .   b - +0 robe
rPois    .         Reflect  .   (helmet restricted)
rElec    .         Harm     .   c - +0 cloak
rCorr    .         Rampage  .   (gloves unavailable)
Will     +....     NoTele   +   (boots unavailable)
Stlth    ..........             (no amulet)
HPRegen  0.18/turn              y - +6 ring of dexterity
MPRegen  0.11/turn              J - ring of stealth

@: berserking (expiring), hasted, wreathed by umbra, very quick
A: very small, unfitting armour, see invisible, speed 3
a: Shadow Step, Shadow Form, Renounce Religion


You were in the Dungeon.
You worshipped Dithmenos.
Dithmenos was extremely pleased with you.
You visited 1 branch

Inventory:

Hand Weapons
 a - a +5 quick blade (weapon)
Missiles
 d - 8 poisoned darts (quivered)
 e - 2 curare-tipped darts
Armour
 b - a +0 robe (worn)
 c - a +0 cloak (worn)
 H - a +3 buckler
 I - +5 shadow dragon scales
Jewellery
 w - an uncursed ring of flight
 y - a +6 ring of dexterity (left hand)
 z - a +6 ring of intelligence
 A - a +6 ring of intelligence
 B - a +6 ring of strength
 C - a +6 ring of strength
 J - a ring of stealth (right hand)
Wands
 D - a wand of disintegration (7)
 E - a wand of iceblast (2)
 F - a wand of acid (7)
Scrolls
 k - 4 scrolls of blinking
 q - 4 scrolls of amnesia
 r - 7 scrolls of fog
 s - a scroll of holy word
 t - 5 scrolls of identify
 u - 4 scrolls of remove curse
 v - 2 scrolls of fear
Potions
 f - 10 potions of curing
 g - 12 potions of heal wounds
 h - 16 potions of haste
 i - 7 potions of magic
 j - a potion of berserk rage
 l - 2 potions of brilliance
 m - a potion of invisibility
 n - 3 potions of resistance
 o - a potion of experience
 p - 4 potions of might
Miscellaneous
 G - a lightning rod (4/4)


   Skills:
 - Level 1.5 Fighting
 - Level 2.1 Short Blades
 - Level 2.0 Throwing
 - Level 1.5 Dodging
 + Level 26.4 Stealth


You had 7 spell levels left.
You didn't know any spells.
Your spell library contained the following spells:

 Spells                   Type           Power        Failure   Level
 Foxfire                  Conj/Fire      #...         32%         1
 Freeze                   Ice            #...         32%         1
 Magic Dart               Conj           #...         32%         1
 Shock                    Conj/Air       #...         32%         1
 Swiftness                Air            #.......     45%         2
 Conjure Flame            Conj/Fire      #.......     69%         3
 Frozen Ramparts          Ice            #.....       69%         3
 Inner Flame              Hex/Fire       #.......     69%         3
 Ozocubu's Armour         Ice            #.......     69%         3
 Static Discharge         Conj/Air       #.......     69%         3
 Teleport Other           Tloc           #.......     69%         3
 Airstrike                Air            #.........   97%         4
 Hailstorm                Conj/Ice       #.......     97%         4
 Sticky Flame             Conj/Fire      #.......     97%         4
 Summon Ice Beast         Ice/Summ       #.......     97%         4
 Bolt of Magma            Conj/Fire/Erth #.........   100%        5
 Fireball                 Conj/Fire      #.........   100%        5
 Lightning Bolt           Conj/Air       #.........   100%        5


Dungeon Overview and Level Annotations

Branches:
Dungeon (1/1)

Altars:
Ashenzari
Cheibriados
Dithmenos
Elyvilon
Fedhas
Gozag
Hepliaklqana
Kikubaaqudgha
Makhleb
Nemelex Xobeh
Okawaru
Qazlal
Ru
Sif Muna
Trog
Uskayaw
Vehumet
Wu Jian
Xom
Yredelemnul
Zin
The Shining One
Beogh
Jiyva
Lugonu

Annotations:
D 1 transporter


Innate Abilities, Weirdness & Mutations

You are very small and have problems with some larger weapons.
You are too small for most types of armour.
You have supernaturally acute eyesight. (SInv)
You cover ground extremely quickly.


Message History

The ufetubus completely misses you.
Unknown command.
You puncture the hell hound!
The hell hound is heavily wounded.
The hell hound closely misses you.
The ufetubus hits you but does no damage.
The ufetubus barely misses you. x3
You completely miss the hell hound.
The hell hound is heavily wounded.
The hell hound barely misses you.
Unknown command.
You puncture the hell hound!
The hell hound is almost dead.
The ufetubus closely misses you. The ufetubus hits you.
* * * LOW HITPOINT WARNING * * *
The ufetubus misses you. The ufetubus closely misses you.
You barely miss the hell hound.
The hell hound is almost dead.
The hell hound bites you.
You die...

▓..8©8..▓
▓..55h..▓
▓..hh)..▓
▓§§..5..▓
▓.......▓
▓§§§§...▓
▓.§§.§..▓
▓†▓5§§▓.▓
▓5@h5...▓
▓▓▓▓▓▓▓▓▓


You could see a hell hound, a white imp and 2 ufetubi.

Vanquished Creatures
  A spriggan (D)
  2 yaks (D)
  3 water moccasins (D)
  2 nagas (D)
  A small abomination (D)
  2 hell hounds (D)
  A phantom (D)
  2 black bears (D)
  A necrophage (D)
  A wolf (D)
  2 bullfrogs (D)
  A crimson imp (D)
  An adder (D)
  2 white imps (D)
  An ufetubus (D)
  2 ball pythons (D)
  A jackal (D)
26 creatures vanquished.

Notes
Turn   | Place    | Note
-------+----------+-------------------------------------------
     0 | D        | sahdkjhfkaj the Spriggan Brigand began the quest for the
                  | Orb.
     0 | D        | Reached XP level 1. HP: 10/10 MP: 2/2
     0 | D        | Found a shimmering blue altar of Sif Muna.
     0 | D        | Found a sacrificial altar of Ru.
     0 | D        | Found a bloodstained altar of Trog.
     0 | D        | Found a stormy altar of Qazlal.
     0 | D        | Found an iron altar of Okawaru.
     0 | D        | Found a sparkling altar of Nemelex Xobeh.
     0 | D        | Found a blossoming altar of Fedhas.
     1 | D        | Found the +6 Majin-Bo {vamp, MP+6 Int+6}
     1 | D        | Found the +9 heavy crossbow "Sniper" {vorpal, Acc+∞ SInv}
     1 | D        | Found the +10 dark maul {vorpal}
     1 | D        | Found the +15 Maxwell's patent armour {-Cast -Tele rElec
                  | Will+ rCorr}
     1 | D        | Found the +18 shield of the Gong {rElec rN+ Will+ EV-5}
     1 | D        | Found the cursed +14 obsidian axe {vorpal, +Fly SInv
                  | *Curse}
     1 | D        | Found the +7 great mace "Firestarter" {inner flame, rF++}
     1 | D        | Found the +6 shillelagh "Devastator" {shatter}
     1 | D        | Found the +11 plutonium sword {*Contam Stlth-}
     1 | D        | Found the +8 lance "Wyrmbane" {slay drac, rPois rF+ rC+
                  | AC+3}
     1 | D        | Found the +9 sword of Zonguldrok {reap}
     1 | D        | Found the cursed +13 scythe of Curses {drain, *Curse}
     1 | D        | Found the +0 sword of Power
     1 | D        | Found the +7 mace of Variability {chain chaos}
     1 | D        | Found the +7 Singing Sword {vorpal, sonic wave}
     1 | D        | Found the +8 storm bow {elec, penet}
     1 | D        | Banished a spatial maelstrom
     2 | D        | Found a transporter.
     2 | D        | Found an ancient bone altar of Kikubaaqudgha.
     2 | D        | Found a viscous altar of Jiyva.
     2 | D        | Found a corrupted altar of Lugonu.
     2 | D        | Found a hazy altar of Hepliaklqana.
     2 | D        | Found a burning altar of Makhleb.
     2 | D        | Found an opulent altar of Gozag.
    91 | D        | Became a worshipper of Dithmenos the Shadowed
   109 | D        | Entered arena 2.
   109 | D        | Noticed a phantom
   109 | D        | Noticed a necrophage
   109 | D        | Found a transporter.
   113 | D        | Killed a phantom
   114 | D        | Reached skill level 13 in Stealth
   114 | D        | Reached XP level 2. HP: 11/14 MP: 3/3
   114 | D        | Reached XP level 3. HP: 15/18 MP: 4/4
   114 | D        | Reached XP level 4. HP: 18/22 MP: 5/5
   114 | D        | Killed a necrophage
   115 | D        | Reached skill level 16 in Stealth
   115 | D        | Reached XP level 5. HP: 21/25 MP: 6/6
   123 | D        | Entered arena 3.
   123 | D        | Noticed a water moccasin
   123 | D        | Noticed a water moccasin
   123 | D        | Found a transporter.
   128 | D        | Killed a water moccasin
   128 | D        | Reached * piety under Dithmenos
   129 | D        | Reached skill level 18 in Stealth
   129 | D        | Reached XP level 6. HP: 26/30 MP: 7/7
   129 | D        | Killed a water moccasin
   130 | D        | Reached skill level 20 in Stealth
   136 | D        | Entered arena 4.
   136 | D        | Noticed a spriggan
   136 | D        | Found a transporter.
   140 | D        | Reached ** piety under Dithmenos
   145 | D        | Killed a spriggan
   146 | D        | Reached skill level 21 in Stealth
   146 | D        | Reached XP level 7. HP: 29/33 MP: 8/8
   147 | D        | Reached skill level 22 in Stealth
   155 | D        | Got the Handbook of Quantum Conjuration
   192 | D        | Entered arena 5.
   192 | D        | Found a transporter.
   196 | D        | Reached *** piety under Dithmenos
   197 | D        | Reached skill level 23 in Stealth
   199 | D        | Reached XP level 8. HP: 37/37 MP: 9/9
   206 | D        | Entered arena 6.
   206 | D        | Found a transporter.
   210 | D        | Reached **** piety under Dithmenos
   212 | D        | Reached skill level 24 in Stealth
   215 | D        | Reached ***** piety under Dithmenos
   220 | D        | Got the ring of the Echidna {+Fly rElec rF+ rN+ Dex-3}
   224 | D        | Entered arena 7.
   225 | D        | Found the +27 Lear's hauberk
   225 | D        | Found a transporter.
   244 | D        | Reached skill level 25 in Stealth
   254 | D        | Reached skill level 26 in Stealth
   449 | D        | Got the ring of Pycunkya {rF+ rN+++ Str+3 Int-5 Dex+5}
   454 | D        | Entered arena 8.
   455 | D        | Found a transporter.
   477 | D        | HP: 2/55 [ufetubus (3)]
   482 | D        | HP: 2/55 [ufetubus (1)]
   483 | D        | Slain by a hell hound

Illustrated notes

Levels and vault maps discovered:
D:        sprint_v [room_start, room_1, room_2, room_3, room_4, room_5, room_6,
          room_7, room_8, room_9, room_10, room_11, room_12, room_13, room_14,
          room_15, room_16, room_17, room_18, room_19, room_20, room_21,
          room_22, room_23, room_24, room_25, room_26, room_27]

Skill      XL: |  1  2  3  4  5  6  7  8 |
---------------+-------------------------+-----
Stealth        | 13 16 18 21 23 26 | 26.4
Fighting       | |  1.5
Short Blades   | |  2.1
Throwing       | |  2.0
Dodging        | |  1.5

Action                   |  1- 3 |  4- 6 |  7- 9 || total
-------------------------+-------+-------+-------++-------
Melee: Quick blade       |     2 |     5 |    51 ||    58
Evoke: Wand              |       |     2 |     3 ||     5
  Use: Potion            |     4 |       |     5 ||     9
       Scroll            |       |     1 |       ||     1
 Stab: Invisible         |     1 |     1 |     1 ||     3
       Sleeping          |     1 |     4 |     9 ||    14
Armor: Robe              |       |       |     4 ||     4
Dodge: Dodged            |       |     1 |    55 ||    56

Table legend: (Time is in decaauts)
 A = Elapsed time spent in this place.
 B = Non-inter-level travel time spent in this place.
 C = Inter-level travel time spent in this place.
 D = Time resting spent in this place.
 E = Time spent auto-exploring this place.
 F = Levels seen in this place.
 G = Mean time per level.
                   A        B        C        D        E       F      G
               +--------+--------+--------+--------+--------+-----+--------+
         Total |    395 |    395 |      0 |    225 |     12 |   1 |  395.0 |
       Dungeon |    395 |    395 |      0 |    225 |     12 |   1 |  395.0 |
               +--------+--------+--------+--------+--------+-----+--------+

Top non-repeatable levels by time:
       D: 395 daAuts
